 Dungeon Crawl Stone Soup version 0.28-a0-1199-gef9e1dbd39 (webtiles) character file.

Game seed: 17827689311884931041

1107 Mamutox the Covert (level 8, 0/37 HPs)
             Began as a Spriggan Venom Mage on Dec 18, 2021.
             Was an Initiate of Dithmenos.
             Slain by a phantom (6 damage)
             ... on level 6 of the Dungeon on Dec 19, 2021.
             The game lasted 00:34:24 (7744 turns).

Mamutox the Covert (Spriggan Venom Mage)            Turns: 7744, Time: 00:34:25

Health: 0/37       AC:  4    Str:  4    XL:     8   Next: 11%
Magic:  19/19      EV: 20    Int: 19    God:    Dithmenos [......]
Gold:   413        SH:  0    Dex: 15    Spells: 14/20 levels left

rFire   + . .      SeeInvis +   d - +0 dagger (holy)
rCold   + . .      Faith    .   (shield restricted)
rNeg    . . .      Spirit   .   w - +2 robe {rC+ rF+}
rPois   .          Reflect  .   (helmet restricted)
rElec   .          Harm     .   (no cloak)
rCorr   .          Rampage  .   (gloves unavailable)
Will    +....                   (boots unavailable)
Stlth   ++++......              (no amulet)
HPRegen 0.12/turn               (no ring)
MPRegen 0.16/turn               (no ring)

@: very quick
A: very small, no large weapons, unfitting armour, see invisible, speed 3
a: Renounce Religion


You were on level 6 of the Dungeon.
You worshipped Dithmenos.
Dithmenos was noncommittal.
You visited 2 branches of the dungeon, and saw 8 of its levels.

You collected 413 gold pieces.

Inventory:

Hand Weapons
 d - a +0 dagger of holy wrath (weapon)
 i - a +0 hunting sling
Missiles
 b - 44 bolts
 c - 252 stones (quivered)
 o - 48 arrows
 u - 30 sling bullets
 v - 2 datura-tipped darts
Armour
 w - a +2 robe of resistance (worn)
Scrolls
 e - 3 scrolls of amnesia {unknown}
 g - 3 scrolls of enchant armour {unknown}
 h - a scroll of vulnerability {unknown}
 k - 5 scrolls of fog {unknown}
 l - 2 scrolls of immolation {unknown}
 n - a scroll of silence {unknown}
 q - a scroll of torment {unknown}
 s - a scroll of teleportation {unknown}
 t - 3 scrolls of identify {unknown}
Potions
 a - a potion of heal wounds {unknown}
 f - 3 potions of curing {unknown}
 j - a potion of cancellation {unknown}
 m - 2 potions of might {unknown}
 p - a potion of lignification {unknown}
 r - a potion of haste {unknown}


   Skills:
 - Level 1.1 Fighting
 + Level 1.4 Short Blades
 + Level 7.0 Dodging
 - Level 9.4 Stealth
 - Level 6.8 Spellcasting
 - Level 1.3 Transmutations
 - Level 3.0 Poison Magic


You had 14 spell levels left.
You knew the following spells:

 Your Spells              Type           Power      Damage    Failure   Level
a - Sting                 Tmut/Pois      56%        1d5       4%          1
b - Animate Skeleton      Necr           12%        N/A       11%         1
c - Poisonous Vapours     Pois/Air       24%        N/A       9%          2
d - Static Discharge      Conj/Air       6%         N/A       16%         2

Your spell library contained the following spells:

 Spells                   Type           Power      Damage    Failure   Level
 Pain                     Necr           24%        1d5       11%         1
 Passwall                 Tmut/Erth      7%         N/A       12%         2
 Mephitic Cloud           Conj/Pois/Air  10%        N/A       21%         3
 Swiftness                Air            6%         N/A       30%         3
 Vampiric Draining        Necr           6%         2d6       30%         3
 Olgreb's Toxic Radiance  Pois           17%        N/A       30%         4
 Dispel Undead            Necr           6%         3d8       71%         4
 Sticky Flame             Conj/Fire      6%         2d3       71%         4


Dungeon Overview and Level Annotations

Branches:
Dungeon (7/15)             Temple (1/1) D:6

Altars:
Ashenzari
Dithmenos
Elyvilon
Fedhas
Gozag
Hepliaklqana
Kikubaaqudgha
Makhleb
Nemelex Xobeh
Okawaru
Qazlal
Ru
Sif Muna
Trog
Uskayaw
Vehumet
Wu Jian
Xom
Yredelemnul
Zin
The Shining One

Shops:
D:3 =

Portals:
Abyss: D:4

Annotations:
D:4 2 transporters, qborf's ghost, novice FoFi
D:6 2 runed translucent doors


Innate Abilities, Weirdness & Mutations

You are very small and have problems with some larger weapons.
You are too small for most types of armour.
You have supernaturally acute eyesight. (SInv)
You cover ground extremely quickly. (Speed+++)


Message History

The centaur warrior zombie is heavily damaged.
The centaur warrior zombie closely misses you. x2
You hit the centaur warrior zombie.
The centaur warrior zombie convulses.
The centaur warrior zombie is heavily damaged.
The centaur warrior zombie hits you. The centaur warrior zombie misses you.
You hit the centaur warrior zombie.
The centaur warrior zombie convulses.
The centaur warrior zombie is heavily damaged.
The centaur warrior zombie closely misses you.
The centaur warrior zombie kicks you. The centaur warrior zombie misses you.
The centaur warrior zombie kicks you.
There is an open door here.
Casting: Animate Skeleton (safe; 11% risk of failure)
Confirm with . or Enter, or press ? or * to list all spells.
The centaur warrior zombie is struck by an arc of lightning.
The centaur warrior zombie is severely damaged.
The lightning grounds out.
The centaur warrior zombie misses you. x2
The centaur warrior zombie hits you!
The centaur warrior zombie closely misses you.
Casting: Static Discharge (safe; 16% risk of failure)
Confirm with . or Enter, or press ? or * to list all spells.
The centaur warrior zombie is struck by an arc of lightning.
The centaur warrior zombie is severely damaged.
The lightning grounds out.
The centaur warrior zombie hits you! The centaur warrior zombie kicks you.
The centaur warrior zombie hits you!
* * * LOW HITPOINT WARNING * * *
The centaur warrior zombie kicks you.
* * * LOW HITPOINT WARNING * * *
There is a stone staircase leading up here.
You climb upwards.
Level annotation: 2 runed translucent doors
There is a stone staircase leading down here.
The phantom barely misses you. The phantom barely misses you.
The phantom misses you. The phantom closely misses you. The phantom hits you.
* * * LOW HITPOINT WARNING * * *
The phantom blinks!
You blink.
The phantom hits you.
You die...

...##.#.........# #.#
...##.#.#.......# #.#
........#.###..###### #.#
...................# #.#
....##.......).#.##########.#
#'##..........)....†.......#
#.............#.############
########.#....#.#
#..........#@.#.#
#.#......###W.#.#
#.#.####......#.# #####.#.#
#.####...# ........# #.#
#...# #####.### #.# ##..# #.#
#.#####.§# #.# #.#.....># #.#
#.#....###


You could see a phantom.

Vanquished Creatures
  Grinder (D:5)
  Sigmund (D:6)
  An orc warrior (D:6)
  A phantom (D:5)
  A bullfrog (D:5)
  2 scorpions
  3 hounds
  2 orc priests (D:4)
  A centaur skeleton (D:5)
  2 iguanas
  An orc wizard (D:5)
  4 adders
  An ufetubus (D:6)
  An adder skeleton (D:5)
  4 worms
  4 dart slugs
  10 orcs
  2 endoplasms
  3 giant cockroaches
  13 goblins
  9 hobgoblins
  4 jackals (D:1)
  4 kobolds
  4 quokkas
  5 ball pythons
  3 bats
  4 frilled lizards
  7 rats
98 creatures vanquished.

Vanquished Creatures (collateral kills)
  A giant cockroach (D:4)
1 creature vanquished.

Vanquished Creatures (others)
  2 plants (D:3)
2 creatures vanquished.

Grand Total: 101 creatures vanquished

Notes
Turn   | Place    | Note
-------+----------+-------------------------------------------
     0 | D:1      | Mamutox the Spriggan Venom Mage began the quest for the
                  | Orb.
     0 | D:1      | Reached XP level 1. HP: 9/9 MP: 5/5
   286 | D:1      | Reached XP level 2. HP: 13/13 MP: 5/7
   761 | D:1      | Reached skill level 4 in Stealth
   783 | D:1      | Found a faded altar of an unknown god.
   878 | D:1      | Reached XP level 3. HP: 16/16 MP: 6/9
  1546 | D:2      | Reached skill level 5 in Stealth
  2110 | D:2      | Reached XP level 4. HP: 21/21 MP: 6/10
  2179 | D:2      | Reached skill level 6 in Stealth
  2925 | D:3      | Found Uggeomel's Jewellery Boutique.
  3380 | D:4      | Reached skill level 1 in Short Blades
  3892 | D:4      | Reached skill level 1 in Fighting
  3892 | D:4      | Reached XP level 5. HP: 24/25 MP: 8/11
  4040 | D:5      | Entered Level 5 of the Dungeon
  4251 | D:4      | Learned a level 1 spell: Animate Skeleton
  4254 | D:4      | Learned a level 2 spell: Poisonous Vapours
  4268 | D:4      | Found a transporter.
  4269 | D:4      | Found a one-way gate to the infinite horrors of the Abyss.
  4269 | D:4      | Noticed qborf's ghost (novice FoFi)
  4479 | D:4      | Reached XP level 6. HP: 27/30 MP: 10/13
  4579 | D:4      | Found a transporter.
  4688 | D:5      | Reached skill level 7 in Stealth
  4757 | D:5      | Reached skill level 5 in Spellcasting
  4757 | D:5      | Upgraded the game from 0.28-a0-1190-g77e1c55843 to
                  | 0.28-a0-1199-gef9e1dbd39
  5123 | D:5      | Learned a level 2 spell: Static Discharge
  5189 | D:5      | Noticed Grinder
  5266 | D:5      | Killed Grinder
  5267 | D:5      | Reached skill level 5 in Dodging
  5267 | D:5      | Reached skill level 8 in Stealth
  5267 | D:5      | Reached XP level 7. HP: 20/33 MP: 10/16
  5876 | D:6      | Found a staircase to the Ecumenical Temple.
  5887 | Temple   | Entered the Ecumenical Temple
  6111 | Temple   | Became a worshipper of Dithmenos the Shadowed
  6201 | D:6      | Noticed Sigmund
  6297 | D:6      | Killed Sigmund
  6544 | D:6      | Reached skill level 9 in Stealth
  6602 | D:6      | Found a large runed translucent door.
  6602 | D:6      | Found a large runed translucent door.
  6880 | D:6      | Noticed a steam dragon
  6910 | D:6      | Reached XP level 8. HP: 37/37 MP: 15/18
  7744 | D:6      | Slain by a phantom

Illustrated notes

Levels and vault maps discovered:
D:1:      minmay_arrival_wavy_path, layout_basic,
          hellmonk_ecumenical_altar_run_dry
D:2:      layout_loops_corners, minmay_goblin_outpost
D:3:      cheibrodos_old_hovel, layout_loops_corners, serial_shops, shop
D:4:      layout_gridville, gammafunk_ghost_abyssal_escape, nrook_uturn,
          minivault_26
D:5:      layout_basic, uniq_grinder
D:6:      layout_basic, minmay_temple_entry_poolview,
          ebering_ghost_disaster_area, uniq_sigmund
D:7:      layout_basic, uniq_menkaure
Temple:   mainiacjoe_temple_hex_bubbles

Skill      XL: |  1  2  3  4  5  6  7  8 |
---------------+-------------------------+-----
Spellcasting   | 3 4 5 6 |  6.8
Stealth        | 4 5 6 8 9 |  9.4
Short Blades   | 1 |  1.4
Dodging        | 3 4 5 6 7 |  7.0
Fighting       | 1 |  1.1
Transmutations | |  1.3
Poison Magic   | |  3.0

Action                   |  1- 3 |  4- 6 |  7- 9 || total
-------------------------+-------+-------+-------++-------
Melee: Dagger            |    11 |    56 |    26 ||    93
Throw: Dart              |       |     2 |       ||     2
 Cast: Sting             |    57 |    68 |    35 ||   160
       Animate Skeleton  |       |     2 |     2 ||     4
       Static Discharge  |       |     1 |     2 ||     3
 Stab: Sleeping          |     7 |    14 |     4 ||    25
       Distracted        |       |     1 |       ||     1
Armor: Robe              |     1 |     4 |     5 ||    10
Dodge: Dodged            |    15 |    45 |    55 ||   115

Table legend: (Time is in decaauts)
 A = Elapsed time spent in this place.
 B = Non-inter-level travel time spent in this place.
 C = Inter-level travel time spent in this place.
 D = Time resting spent in this place.
 E = Time spent auto-exploring this place.
 F = Levels seen in this place.
 G = Mean time per level.
                   A        B        C        D        E       F      G
               +--------+--------+--------+--------+--------+-----+--------+
         Total |   5486 |   5344 |    142 |      0 |   2607 |   8 |  685.8 |
       Dungeon |   5316 |   5198 |    118 |      0 |   2476 |   7 |  759.4 |
        Temple |    170 |    147 |     23 |      0 |    130 |   1 |  170.0 |
               +--------+--------+--------+--------+--------+-----+--------+

Top non-repeatable levels by time:
     D:4: 1320 daAuts
     D:5: 861 daAuts
     D:2: 852 daAuts
     D:1: 808 daAuts
     D:3: 664 daAuts
     D:6: 647 daAuts
  Temple: 170 daAuts
     D:7: 161 daAuts
